 Dungeon Crawl Stone Soup version 0.28.0-45-g0d030f2227 (webtiles) character file.

Game seed: 10887292824303687827

65 MisterFreud the Changer (level 3, -4/28 HPs)
             Began as a Draconian Transmuter on Apr 25, 2022.
             Succumbed to Terence's poison
             ... on level 2 of the Dungeon.
             The game lasted 00:02:27 (1857 turns).

MisterFreud the Changer (Draconian Transmuter)      Turns: 1857, Time: 00:02:27

Health: -4/28      AC:  5    Str: 12    XL:     3   Next: 92%
Magic:  6/6        EV: 12    Int: 15    God:
Gold:   127        SH:  0    Dex: 11    Spells: 5/6 levels left

rFire   . . .      SeeInvis .     - Unarmed
rCold   . . .      Faith    .   (no shield)
rNeg    . . .      Spirit   .   (armour unavailable)
rPois   .          Reflect  .   (helmet restricted)
rElec   .          Harm     .   (no cloak)
rCorr   .          Rampage  .   (no gloves)
Will    .....                   (no boots)
Stlth   +.........              (no amulet)
HPRegen 0.09/turn               (no ring)
MPRegen 0.10/turn               (no ring)

@: lethally poisoned (-4 -> -31), about to teleport
A: AC +5, unfitting armour, cold-blooded
a: no special abilities


You were on level 2 of the Dungeon.
You visited 1 branch of the dungeon, and saw 2 of its levels.

You collected 127 gold pieces.

Inventory:

Scrolls
 b - a scroll of identify {unknown}
 c - a scroll of holy word {unknown}


   Skills:
 - Level 1.5 Fighting
 - Level 2.0 Dodging
 - Level 3.1 Unarmed Combat
 - Level 2.1 Spellcasting
 + Level 3.7 Transmutations


You had 5 spell levels left.
You knew the following spells:

 Your Spells              Type           Power      Damage    Failure   Level
a - Beastly Appendage     Tmut           24%        N/A       4%          1

Your spell library contained the following spells:

 Spells                   Type           Power      Damage    Failure   Level
 Wereblood                Tmut           12%        N/A       7%          2
 Spider Form              Tmut/Pois      7%         N/A       30%         3
 Ice Form                 Ice/Tmut       7%         N/A       71%         4


Dungeon Overview and Level Annotations

Branches:
Dungeon (2/15)

Altars:
Sif Muna

Annotations:
D:2 Terence


Innate Abilities, Weirdness & Mutations

Your plain brown scales are hard. (AC +5)
You cannot fit into any form of body armour.
You are cold-blooded and may be slowed by cold attacks.


Message History

Terence misses you.
You see here a +0 dagger.
There is a stone staircase leading up here.
Terence shouts, "Now you die!" The kobold hits you with a +0 club.
The kobold throws a stone.
The stone barely misses you.
There is a stone staircase leading up here.
You see here a +0 dagger.
There is a stone staircase leading up here.
You see here a +0 dagger.
Terence screams, "I want your blood!"
There is a stone staircase leading up here.
Terence screams, "I want your blood!"
You barely miss Terence. Terence barely misses you. The rat bites you.
The rat barely misses you. The rat bites you.
There is a stone staircase leading up here.
You see here a +0 dagger.
There is a stone staircase leading up here.
You hit Terence.
Terence is lightly wounded.
Terence hits you with a +1 flail of venom!
You hit Terence but do no damage.
Terence is lightly wounded.
Terence barely misses you.
You hit Terence.
Terence is lightly wounded.
Terence hits you with a +1 flail of venom.
You are lethally poisoned!
You feel very sick.
You aren't carrying any potions.
As you read the scroll labelled PUNY ISTERERA, it crumbles to dust.
You feel strangely unstable.
It was a scroll of teleportation.
* * * LOW HITPOINT WARNING * * *
You feel very sick.
Terence hits you with a +1 flail of venom!
* * * LOW HITPOINT WARNING * * *
You are more poisoned.
You die...

#.## #.#..#####........# #. #.#
#.##..####.#..##### #. #.#
#.###[..##...## ###. ..#
######.###.......## ######...
.####>.........##....####......#.
##....####....Kr.)..).....######.
†.>.#######...####K#......######.
#....##.....#..###@######......#.
#.##....#####...@................
..................#############.#
#....######....##..# ##......
r.##...####.######.# ##..#####
.......†....# #)######..##
##########..######........#######
# #............##..###..... #
##..#..............##..... #
................####.#......


You could see Terence.

Vanquished Creatures
  3 adders (D:2)
  4 bats
  An endoplasm (D:2)
  3 giant cockroaches (D:1)
  4 goblins
  5 hobgoblins
  2 quokkas (D:1)
  4 ball pythons
  2 frilled lizards
  6 kobolds
  2 rats (D:1)
36 creatures vanquished.

Notes
Turn   | Place    | Note
-------+----------+-------------------------------------------
     0 | D:1      | MisterFreud the Draconian Transmuter began the quest for
                  | the Orb.
     0 | D:1      | Reached XP level 1. HP: 16/16 MP: 3/3
   518 | D:1      | Reached XP level 2. HP: 22/23 MP: 3/5
   607 | D:1      | Found a faded altar of an unknown god.
   998 | D:2      | Reached XP level 3. HP: 10/28 MP: 4/6
  1345 | D:2      | Found a shimmering blue altar of Sif Muna.
  1760 | D:2      | Noticed Terence
  1856 | D:2      | HP: 1/28 [Terence/+1 flail of venom (7)]
  1857 | D:2      | Succumbed to Terence's poison

Illustrated notes

Levels and vault maps discovered:
D:1:      lightli_arrival_windingriver, layout_basic,
          ebering_ecumenical_altar_rust, interstate_on_off
D:2:      layout_rooms, basic_altar, uniq_terence

Skill      XL: |  1  2  3 |
---------------+----------+-----
Dodging        | 2 |  2.0
Transmutations | 3 |  3.7
Fighting       | |  1.5
Unarmed Combat | |  3.1
Spellcasting   | |  2.1

Action                   || total
-------------------------++-------
Melee: Unarmed           ||   136
       Kick              ||    19
       Headbutt          ||     8
       Tailslap          ||     8
       Punch             ||     2
 Cast: Beastly Appendage ||    25
  Use: Scroll            ||     1
Armor: Skin              ||    41
Dodge: Dodged            ||    97
